 Dungeon Crawl Stone Soup version 0.27-a0-732-ga892ba84f6 (webtiles) character file.

Game seed: 346010613186662432

87388 Grognak the Peltast (level 15, -20/132 (138) HPs)
             Began as a Minotaur Fighter on Mar 21, 2021.
             Was a Plaything of Xom.
             Killed from afar by a will-o-the-wisp (34 damage)
             ... with a foxfire
             ... on level 2 of the Swamp on Mar 24, 2021.
             The game lasted 00:58:50 (21688 turns).

Grognak the Peltast (Minotaur Fighter)             Turns: 21688, Time: 00:58:51

HP:   -20/132 (138) AC: 22    Str: 30    XL:     15   Next: 43%
MP:   23/23         EV: 15    Int:  5    God:    Xom [..*...]
Gold: 1249          SH: 20    Dex: 27    Spells: 14/14 levels left

rFire    x . .     SeeInvis .   f - +4 demon whip (flame)
rCold    + + .     Faith    .   c - +3 kite shield
rNeg     . . .     Spirit   .   K - +0 ice dragon scales "Ugisasy" {rElec rPois rF- rC++ MP+9 Dex+3}
rPois    +         Reflect  .   (helmet unavailable)
rElec    +         Harm     .   t - +0 cloak
rCorr    +         Rampage  .   m - +1 pair of gloves {Stlth+}
Will     ++...                  v - +0 pair of boots of the Last Youths {rPois rCorr}
Stlth    +++.......             (no amulet)
HPRegen  0.32/turn              N - +6 ring of strength
MPRegen  0.18/turn              L - ring of Osaibed {Will+ Dex+9 Slay-3}

@: lightly drained
A: horns 3, retaliatory headbutt, talons 1, icy blue scales 1, blink,
deterioration 1, poison resistance, screaming 3, strong 1
a: Blink, Renounce Religion


You were on level 2 of the Swamp.
You worshipped Xom.
You were a toy of Xom.
You visited 4 branches of the dungeon, and saw 21 of its levels.
You also visited: Sewer, Ossuary and Ice Cave.

You collected 1444 gold pieces.
You spent 195 gold pieces at shops.

Inventory:

Hand Weapons
 f - a +4 demon whip of flaming (weapon)
 h - a +2 whip of venom
 k - a +1 mace of holy wrath
 u - a +2 mace of protection
 z - a +5 halberd of flaming
 D - a +0 morningstar
 O - a +2 demon trident of venom
 T - the +3 short sword "Izoim Doedu" {vorpal, Dex+2}
   (You found it on level 1 of the Swamp)

   It inflicts extra damage upon your enemies.
   It affects your dexterity (+2).
Armour
 b - a +2 chain mail of fire resistance
 c - a +3 kite shield (worn)
 m - a +1 pair of gloves of stealth (worn)
 q - a +0 pair of gloves
 t - a +0 cloak (worn)
 v - the +0 pair of boots of the Last Youths (worn) {rPois rCorr}
   (You found it on level 4 of the Dungeon)

   It protects you from poison.
   It provides partial protection from all sources of acid and corrosion.
 K - the +0 ice dragon scales "Ugisasy" (worn) {rElec rPois rF- rC++ MP+9 Dex+3}
   (You found it in an ice cave)

   It affects your dexterity (+3).
   It makes you vulnerable to fire.
   It greatly protects you from cold.
   It insulates you from electricity.
   It protects you from poison.
   It affects your magic capacity (+9).
 S - +0 ice dragon scales
Jewellery
 a - an amulet of magic regeneration
 g - a ring of positive energy
 j - a +4 ring of protection
 x - a +4 ring of evasion
 G - a +6 ring of dexterity
 J - a ring of see invisible
 L - a ring of Osaibed (left hand) {Will+ Dex+9 Slay-3}
   (You found it in an ice cave)

   [ring of willpower]

   It affects your dexterity (+9).
   It affects your accuracy and damage with ranged weapons and melee attacks
   (-3).
   It affects your willpower, your defense against some magical effects.
 N - a +6 ring of strength (right hand)
 U - a +6 ring of strength
Wands
 n - a wand of digging (24)
 o - a wand of flame (7)
 y - a wand of acid (22)
 B - a wand of random effects (45)
 E - a wand of polymorph (28)
 F - a wand of charming (7)
 I - a wand of paralysis (9)
 M - a wand of iceblast (17)
Scrolls
 p - 18 scrolls of identify
 r - 4 scrolls of teleportation
 s - 3 scrolls of fear
 w - 4 scrolls of magic mapping
 A - 4 scrolls of amnesia
 H - a scroll of fog
Potions
 d - a potion of haste
 e - 7 potions of flight
 i - 3 potions of magic
 C - 4 potions of curing
 R - a potion of berserk rage
Miscellaneous
 l - a lightning rod (4/4)
 P - a box of beasts


   Skills:
 * Level 14.0 Fighting
 * Level 15.9 Maces & Flails
 * Level 13.5 Armour
 + Level 5.9 Dodging
 + Level 4.1 Stealth
 * Level 16.8 Shields


You had 14 spell levels left.
You didn't know any spells.
Your spell library contained the following spells:

 Spells                   Type           Power      Damage    Failure   Level
 Freeze                   Ice            0%         1d3       71%         1
 Magic Dart               Conj           0%         1d3       71%         1
 Shock                    Conj/Air       0%         1d3       71%         1
 Summon Small Mammal      Summ           0%         N/A       71%         1
 Blink                    Tloc           N/A        N/A       83%         2
 Call Imp                 Summ           0%         N/A       83%         2
 Slow                     Hex            0%         N/A       83%         2
 Swiftness                Air            0%         N/A       83%         2
 Call Canine Familiar     Summ           0%         N/A       97%         3
 Conjure Flame            Conj/Fire      0%         6-21      97%         3
 Frozen Ramparts          Ice            0%         1d2       97%         3
 Mephitic Cloud           Conj/Pois/Air  0%         N/A       97%         3
 Ozocubu's Armour         Ice            0%         N/A       97%         3
 Static Discharge         Conj/Air       0%         N/A       97%         3
 Summon Guardian Golem    Hex/Summ       0%         N/A       97%         3
 Airstrike                Air            0%         N/A       100%        4
 Hailstorm                Conj/Ice       0%         3d3       100%        4
 Summon Ice Beast         Ice/Summ       0%         N/A       100%        4
 Summon Lightning Spire   Summ/Air       0%         N/A       100%        4
 Lightning Bolt           Conj/Air       0%         1d11      100%        5


Dungeon Overview and Level Annotations

Branches:
Dungeon (14/15)            Temple (1/1) D:5            Lair (4/6) D:10
  Swamp (2/4) Lair:3       Spider (0/4) Lair:3          Orc (0/2) D:9
 Vaults (0/5) D:13          Sewer (visited)         Ossuary (visited)
  IceCv (visited)

Altars:
Ashenzari
Cheibriados
Dithmenos
Elyvilon
Fedhas
Gozag
Hepliaklqana
Kikubaaqudgha
Makhleb
Nemelex Xobeh
Okawaru
Qazlal
Ru
Sif Muna
Trog
Uskayaw
Vehumet
Wu Jian
Xom
Yredelemnul
Zin
The Shining One
Lugonu

Shops:
D:2 :   D:8 !   D:9 [   D:10 *

Annotations:
D:9 2 transporters, Grognak's ghost, novice HOCK
D:10 3 runed translucent doors, HendSelp's ghost, journeyman MfGl
Lair:4 exclusion: 5 oklob plants


Innate Abilities, Weirdness & Mutations

You have a pair of large horns on your head.
You reflexively headbutt those who attack you in melee.
You have sharp toenails.
You are partially covered in icy blue scales. (AC +2)
You can translocate small distances at will.
Your body sometimes deteriorates upon taking damage.
Your system is resistant to poisons. (rPois)
You frequently scream uncontrollably at your foes.
Your muscles are strong. (Str +2)


Message History

The fire burns you terribly!
Xom roars with laughter!
Found 24 gold pieces and 15 sling bullets.
You hit the tyrant leech but do no damage.
You headbutt the tyrant leech!
The tyrant leech is lightly wounded.
You are engulfed in a cloud of scalding steam.
You block the tyrant leech's attack.
You closely miss the tyrant leech. You headbutt the tyrant leech!
The tyrant leech is moderately wounded.
You are engulfed in a cloud of scalding steam.
The will-o-the-wisp blinks!
Your unstable footing causes you to fumble your attack.
You are engulfed in a cloud of scalding steam.
The tyrant leech barely misses you.
You thrash the tyrant leech!! You burn the tyrant leech.
You headbutt the tyrant leech, but do no damage.
The tyrant leech is severely wounded.
You are engulfed in a cloud of scalding steam.
You thrash the tyrant leech!! You burn the tyrant leech.
You kill the tyrant leech!
You are engulfed in a cloud of scalding steam.
The will-o-the-wisp gestures.
The will-o-the-wisp conjures some foxfire!
You scream at the foxfire! 2 foxfires come into view.
You hit the will-o-the-wisp.
The will-o-the-wisp is lightly damaged.
You hear a roar!
The foxfire hits you!! The fire burns you terribly! The foxfire hits you!!!
The fire burns you terribly!
* * * LOW HITPOINT WARNING * * *
The will-o-the-wisp gestures.
The will-o-the-wisp conjures some foxfire! 2 foxfires come into view.
You thrash the will-o-the-wisp!! You burn the will-o-the-wisp.
The will-o-the-wisp is almost destroyed.
The foxfire hits you!! The fire burns you terribly!
You die...
Xom guffaws!

≈. ^♣..... (♣ ≈≈.....
≈.♣....... .....?.. ♣♣
$..≈..### ≈♣♣♣♣♣♣♣♣♣♣♣♣
♣.......# ≈..♣♣.......♣
♣.§....#
≈≈.♣♣...≈≈..♣♣♣♣♣§≈.♣
≈≈♣♣♣♣≈...≈....v@♣.♣≈...#
..♣♣≈≈♣≈....≈≈.§vv≈.§.≈..
≈♣♣...♣♣♣♣.≈≈≈.≈≈≈§≈.≈.≈♣
♣♣.§≈≈≈♣♣.≈§≈..≈≈≈≈≈≈≈≈..
...≈≈≈.≈♣.≈≈<≈.≈≈≈≈≈≈≈≈..
..≈≈≈≈(♣........≈≈≈≈≈≈≈≈.
≈≈≈≈..♣≈...≈≈..≈♣≈≈≈≈≈§≈.
≈≈≈≈.♣♣♣♣♣.≈≈...♣.≈≈≈≈≈≈
≈≈.≈.♣ ≈♣♣♣..≈.


You could see a will-o-the-wisp.

Vanquished Creatures
  Kirke (D:14)
  A ghost moth (Swamp:1)
  3 bunyips
  Snorg (D:14)
  Harold (D:11)
  7 hydras
  An ice dragon (D:13)
  A ghost crab (Swamp:1)
  2 centaur warriors (D:14)
  3 alligators
  3 tengu warriors (D:14)
  3 two-headed ogres
  4 death yaks (Lair:3)
  Nergalle (D:11)
  2 goliath frogs
  A swamp dragon (Swamp:2)
  2 unseen horrors
  6 bog bodies
  A necromancer (D:13)
  2 cyclopes (D:13)
  3 manticores
  4 ugly things
  A will-o-the-wisp (Swamp:1)
  A black mamba (Lair:3)
  A torpor snail (Lair:3)
  Maggie (D:6)
  An ice statue (IceCv)
  4 cane toads
  2 gargoyles
  2 efreet (D:13)
  A centaur skeleton (D:13)
  3 kobold demonologists (D:13)
  9 komodo dragons
  4 trolls
  3 tyrant leeches
  A meliai (shapeshifter) (D:13)
  2 polar bears
  5 hornets
  4 blink frogs
  4 dream sheep
  2 spriggans
  2 shadows (D:9)
  37 yaks
  A wraith (D:10)
  3 hogs (D:14)
  4 basilisks
  5 vampire mosquitoes
  7 swamp worms
  4 water moccasins
  2 sky beasts
  11 ice beasts
  6 orc warriors
  8 ogres
  A black bear (Lair:3)
  22 wolves
  12 centaurs
  5 phantoms
  4 kobold brigands
  12 bullfrogs
  A wyvern skeleton (D:10)
  5 scorpions
  4 killer bees (D:10)
  2 troll zombies (D:9)
  A water moccasin skeleton (D:9)
  5 howler monkeys (D:11)
  8 wights
  An electric eel (Lair:3)
  A crimson imp (D:9)
  2 bullfrog zombies
  9 hounds
  2 quasits
  6 jellies
  A gnoll shaman (D:9)
  15 orc priests
  5 bullfrog skeletons
  16 orc wizards
  11 iguanas
  8 worker ants
  6 ogre zombies (D:9)
  9 mummies
  A hound skeleton (D:10)
  2 worker ant zombies
  16 adders
  21 gnolls
  3 ufetubi
  4 oozes
  3 adder skeletons
  5 worms
  A dart slug (D:1)
  47 orcs
  3 removed leopard geckos
  3 ball pythons (Sewer)
  8 giant cockroaches
  2 gnoll zombies (Ossuary)
  6 goblins
  9 hobgoblins
  7 jackals
  20 kobolds
  2 quokkas
  12 bats
  10 frilled lizards
  4 goblin skeletons (D:9)
  5 goblin zombies (D:9)
  A hobgoblin skeleton (D:9)
  8 hobgoblin zombies
  A kobold zombie (Ossuary)
  2 orc skeletons (D:9)
  10 orc zombies
  6 rats
590 creatures vanquished.

Vanquished Creatures (collateral kills)
  An oklob plant (Lair:1)
  2 yaks (Lair:1)
  A wolf (Lair:3)
  An orc wizard (D:8)
  An orc (D:11)
6 creatures vanquished.

Vanquished Creatures (others)
  A dancing weapon (D:8)
  A goliath frog (Swamp:1)
  An orc wizard (D:8)
  An orc (D:9)
  2 kobolds (D:13)
  10 foxfires
  7 fungi
  30 plants
53 creatures vanquished.

Grand Total: 649 creatures vanquished

Notes
Turn   | Place    | Note
-------+----------+-------------------------------------------
     0 | D:1      | Grognak the Minotaur Fighter began the quest for the Orb.
     0 | D:1      | Reached XP level 1. HP: 19/19 MP: 0/0
   276 | D:1      | Reached skill level 4 in Shields
   276 | D:1      | Reached XP level 2. HP: 27/27 MP: 1/1
  1005 | D:2      | Found Aked's Book Shoppe.
  1090 | D:2      | Reached XP level 3. HP: 34/34 MP: 2/2
  1143 | D:2      | Found a glowing silver altar of Zin.
  1372 | D:2      | Found a white marble altar of Elyvilon.
  1676 | D:2      | Found a bloodstained altar of Trog.
  1760 | D:2      | Found a sacrificial altar of Ru.
  1971 | D:3      | Reached XP level 4. HP: 35/41 MP: 3/3
  2074 | D:3      | Found a glowing drain.
  2093 | Sewer    | Entered a sewer
  2389 | Sewer    | Identified a scroll of acquirement
  2389 | Sewer    | Acquired a +2 demon whip of draining
  2679 | D:3      | Reached XP level 5. HP: 21/47 MP: 4/4
  2785 | D:3      | Found a hazy altar of Hepliaklqana.
  2854 | D:3      | Found a shadowy altar of Dithmenos.
  2864 | D:3      | Noticed a shadow
  3462 | D:4      | Reached skill level 1 in Dodging
  3470 | D:4      | Reached skill level 5 in Maces & Flails
  3470 | D:4      | Reached XP level 6. HP: 34/53 MP: 5/5
  3689 | D:4      | Reached skill level 5 in Shields
  3796 | D:4      | Identified the +0 pair of boots of the Last Youths {rPois
                  | rCorr}
  3902 | D:4      | Reached skill level 5 in Armour
  3906 | D:4      | Reached skill level 5 in Fighting
  3973 | D:4      | Reached XP level 7. HP: 61/61 MP: 6/6
  4223 | D:4      | You fall into a shaft and drop 1 floor!
  4223 | D:5      | Entered Level 5 of the Dungeon
  4293 | D:5      | Found a staircase to the Ecumenical Temple.
  4308 | Temple   | Entered the Ecumenical Temple
  4341 | Temple   | Became a worshipper of Xom of Unknown Intention
  4528 | D:5      | XOM: silly message
  4563 | D:5      | XOM: silly message
  4590 | D:5      | Found a faded altar of an unknown god.
  4590 | D:5      | Found a stormy altar of Qazlal.
  4597 | D:5      | Found a faded altar of an unknown god.
  4599 | D:5      | Found an ornate altar of the Wu Jian Council.
  4601 | D:5      | Found a glowing golden altar of the Shining One.
  5225 | D:5      | Reached XP level 8. HP: 67/70 MP: 7/7
  5348 | D:6      | Noticed Maggie
  5349 | D:6      | XOM: enchant monster (good)
  5349 | D:6      | XOM: butterfly on damage
  5356 | D:6      | Killed Maggie
  5357 | D:6      | Reached skill level 6 in Shields
  5693 | D:6      | Found a broken altar of Ashenzari.
  5734 | D:6      | Found a blossoming altar of Fedhas.
  5747 | D:6      | XOM is BORED!
  5747 | D:6      | XOM: 1-stop teleportation journey
  6060 | D:6      | XOM: divination: detect items
  6145 | D:6      | Found an opulent altar of Gozag.
  6225 | D:6      | XOM: divination: detect creatures
  6248 | D:7      | XOM: silly message
  6428 | D:7      | XOM: potion effect (berserk rage)
  6511 | D:7      | Found a sand-covered staircase.
  6521 | Ossuary  | Entered an ossuary
  6587 | Ossuary  | XOM: noise
  6598 | Ossuary  | Reached XP level 9. HP: 70/78 MP: 8/8
  6752 | Ossuary  | XOM: noise
  6827 | D:7      | Found a sparkling altar of Nemelex Xobeh.
  6882 | D:7      | XOM: cloud trail
  7169 | D:7      | Reached skill level 10 in Maces & Flails
  7314 | D:7      | XOM: give mutations
  7314 | D:7      | Gained mutation: You occasionally shout uncontrollably at
                  | your foes. [Xom's mischief]
  7314 | D:7      | Gained mutation: You sometimes yell uncontrollably at your
                  | foes. [Xom's mischief]
  7337 | D:7      | XOM: torment (44/78 hp)
  7343 | D:7      | XOM: summons 5 hostile demons
  7344 | D:7      | Noticed a hellwing
  7617 | D:7      | XOM is BORED!
  7617 | D:7      | XOM: torment (41/78 hp)
  7857 | D:8      | XOM: chaos cloud
  7881 | D:8      | XOM: confusion
  7882 | D:8      | Reached skill level 7 in Shields
  8022 | D:8      | XOM: give mutation
  8022 | D:8      | Gained mutation: Scrolls take you a little longer to read.
                  | [Xom's mischief]
  8218 | D:8      | XOM: swap monsters
  8242 | D:8      | Reached skill level 8 in Shields
  8292 | D:8      | XOM: silly message
  8354 | D:8      | Found Haunih's Distillery.
  8433 | D:8      | XOM: divination: detect creatures
  8440 | D:8      | XOM: noise
  8554 | D:8      | Found a sparkling altar of Nemelex Xobeh.
  8920 | D:8      | Found an iron altar of Okawaru.
  9124 | D:9      | Found a transporter.
  9124 | D:9      | Noticed a freezing wraith
  9128 | D:9      | Found a transporter.
  9128 | D:9      | Noticed Grognak's ghost (novice HOCK)
  9260 | D:9      | Found a staircase to the Orcish Mines.
  9266 | D:9      | Reached XP level 10. HP: 39/88 MP: 9/9
  9284 | D:9      | XOM: cleaving
  9311 | D:9      | XOM: swap monsters
  9377 | D:9      | XOM: 2-stop teleportation journey
  9405 | D:9      | XOM: confusion (+ monsters)
  9406 | D:9      | XOM: silly message
  9408 | D:9      | Reached skill level 1 in Stealth
  9433 | D:9      | XOM: blink monster(s)
  9435 | D:9      | Reached skill level 9 in Shields
  9554 | D:9      | XOM: 2-stop teleportation journey
  9873 | D:9      | Found Zuvauta's Antique Armour Emporium.
  9879 | D:9      | Bought a pair of runed gloves for 195 gold pieces
  9968 | D:9      | Found a snail-covered altar of Cheibriados.
 10028 | D:9      | XOM: 10-stop teleportation journey
 10184 | D:9      | XOM: noise
 10285 | D:9      | Found a burning altar of Makhleb.
 10286 | D:9      | Found a radiant altar of Vehumet.
 10529 | D:10     | Entered Level 10 of the Dungeon
 10529 | D:10     | Found a runed translucent gate.
 10529 | D:10     | Found a runed translucent gate.
 10529 | D:10     | Found an opulent altar of Gozag.
 10529 | D:10     | Found a runed translucent gate.
 10533 | D:10     | Noticed HendSelp's ghost (journeyman MfGl)
 10533 | D:10     | Noticed a great orb of eyes
 10536 | D:10     | Noticed a five-headed hydra
 10612 | D:10     | Found Yritan's Assorted Antiques.
 10636 | D:10     | XOM: confuse monster(s)
 10688 | D:10     | Found a staircase to the Lair.
 10896 | D:10     | XOM: silly message
 11103 | D:10     | XOM: give mutations
 11103 | D:10     | Lost mutation: Scrolls take you a little longer to read.
                  | [Xom's mischief]
 11103 | D:10     | Gained mutation: Your spells are a little harder to cast,
                  | but a little more powerful. [Xom's mischief]
 11103 | D:10     | Gained mutation: You tend to lose your temper in combat.
                  | [Xom's mischief]
 11103 | D:10     | Lost mutation: Your spells are a little harder to cast, but
                  | a little more powerful. [Xom's mischief]
 11123 | D:10     | Noticed a gargoyle
 11132 | D:10     | Killed a gargoyle
 11133 | D:10     | Reached skill level 10 in Shields
 11241 | D:10     | Killed an unseen horror
 11242 | D:10     | Reached XP level 11. HP: 77/97 MP: 10/10
 11501 | Lair:1   | Entered Level 1 of the Lair of Beasts
 11517 | Lair:1   | XOM: cast spell 'Summon Mana Viper'
 11633 | Lair:1   | Noticed a six-headed hydra
 11642 | Lair:1   | Killed a six-headed hydra
 11667 | Lair:1   | Reached skill level 11 in Shields
 11876 | Lair:1   | XOM: noise
 12020 | Lair:1   | Noticed an oklob plant
 12038 | Lair:1   | XOM: summons 3 friendly demons
 12044 | Lair:1   | Killed an oklob plant
 12121 | Lair:1   | XOM: summons 4 friendly demons
 12126 | Lair:1   | XOM: enchant monster (good)
 12127 | Lair:1   | XOM: enchant monster (good)
 12131 | Lair:1   | Reached skill level 10 in Armour
 12226 | Lair:1   | XOM: cloud trail
 12353 | Lair:1   | XOM: scenery: 1 doors open
 12404 | Lair:1   | XOM: butterfly on damage
 12772 | Lair:2   | Reached skill level 10 in Fighting
 12773 | Lair:2   | XOM: enchant monster (bad)
 12776 | Lair:2   | XOM: potion effect (invisibility)
 12885 | Lair:2   | XOM: 1-stop teleportation journey
 12886 | Lair:2   | Noticed a five-headed hydra
 12895 | Lair:2   | Killed a five-headed hydra
 13208 | Lair:2   | XOM: scenery: summon butterflies
 13226 | Lair:2   | Reached XP level 12. HP: 107/107 MP: 11/11
 13341 | Lair:2   | XOM: give mutations
 13341 | Lair:2   | Gained mutation: You are weak. (Str -2) [Xom's mischief]
 13341 | Lair:2   | Gained mutation: You have a pair of large horns on your
                  | head. [Xom's mischief]
 13341 | Lair:2   | Gained mutation: You are dopey. (Int -2) [Xom's mischief]
 13343 | Lair:2   | Lost mutation: You are dopey. (Int -2) [potion of mutation]
 13343 | Lair:2   | Lost mutation: You tend to lose your temper in combat.
                  | [potion of mutation]
 13343 | Lair:2   | Lost mutation: You are weak. (Str -2) [potion of mutation]
 13343 | Lair:2   | Gained mutation: Your system is resistant to poisons.
                  | (rPois) [potion of mutation]
 13343 | Lair:2   | Gained mutation: You are partially covered in icy blue
                  | scales. (AC +2) [potion of mutation]
 13343 | Lair:2   | Gained mutation: Your muscles are strong. (Str +2) [potion
                  | of mutation]
 13343 | Lair:2   | Gained mutation: You have sharp toenails. [potion of
                  | mutation]
 13754 | Lair:2   | XOM: noise
 13808 | Lair:2   | You fall into a shaft and drop 1 floor!
 13825 | Lair:3   | Reached skill level 12 in Shields
 13825 | Lair:3   | XOM: confusion (+ monsters)
 13833 | Lair:3   | XOM: summons friendly quasit
 13833 | Lair:3   | XOM: smoke on damage
 13850 | Lair:3   | XOM: butterfly on damage
 13859 | Lair:3   | XOM: potion effect (haste)
 13868 | Lair:3   | XOM: scenery: summon butterflies
 13891 | Lair:3   | XOM: scenery: summon butterflies
 13900 | Lair:3   | HP: 4/110 [komodo dragon (20)]
 13911 | Lair:3   | XOM: polymorph butterfly -> killer bee
 14215 | Lair:3   | Found a frozen archway.
 14228 | IceCv    | Entered an ice cave
 14230 | IceCv    | XOM: summons friendly smoke demon
 14298 | IceCv    | XOM: cleaving
 14331 | IceCv    | XOM: give mutations
 14331 | IceCv    | Gained mutation: You are mostly covered in icy blue scales.
                  | (AC +3) [Xom's grace]
 14331 | IceCv    | Gained mutation: You can translocate small distances at
                  | will. [Xom's grace]
 14332 | IceCv    | Identified the +0 ice dragon scales "Ugisasy" {rElec rPois
                  | rF- rC++ MP+9 Dex+3}
 14347 | IceCv    | Identified a ring of Osaibed {Will+ Dex+9 Slay-3}
 14365 | IceCv    | XOM: chaos cloud
 14512 | Lair:3   | XOM: summons 6 hostile demons
 14644 | Lair:3   | XOM: draining
 14679 | Lair:3   | You fall into a shaft and drop 1 floor!
 14697 | Lair:4   | XOM: 4-stop teleportation journey
 14729 | Lair:3   | XOM: give mutations
 14729 | Lair:3   | Gained mutation: Your body sometimes deteriorates upon
                  | taking damage. [Xom's mischief]
 14729 | Lair:3   | Gained mutation: You frequently scream uncontrollably at
                  | your foes. [Xom's mischief]
 14729 | Lair:3   | Lost mutation: You are mostly covered in icy blue scales.
                  | (AC +3) [Xom's mischief]
 15072 | Lair:3   | Found a staircase to the Swamp.
 15086 | Lair:3   | Reached skill level 13 in Shields
 15162 | Lair:3   | Noticed a death yak
 15164 | Lair:3   | Noticed a death yak
 15165 | Lair:3   | Noticed a death yak
 15166 | Lair:3   | Noticed a death yak
 15172 | Lair:3   | Killed a death yak
 15173 | Lair:3   | XOM: swap monsters
 15183 | Lair:3   | Killed a death yak
 15191 | Lair:3   | Killed a death yak
 15205 | Lair:3   | Killed a death yak
 15365 | Lair:3   | Found a hole to the Spider Nest.
 15790 | D:11     | Noticed Harold
 15795 | D:11     | XOM: divination: magic mapping
 15812 | D:11     | Noticed Nergalle
 15817 | D:11     | XOM: potion effect (curing)
 15819 | D:11     | Killed Harold
 15820 | D:11     | Reached XP level 13. HP: 85/117 MP: 12/12
 15820 | D:11     | XOM: silly message
 15833 | D:11     | XOM: potion effect (brilliance)
 15838 | D:11     | Killed Nergalle
 15838 | D:11     | Noticed Urug
 15842 | D:11     | Noticed Urug
 15842 | D:11     | Urug changed into Urug the dream sheep
 15842 | D:11     | XOM: polymorph Urug -> Urug the dream sheep
 16122 | D:11     | XOM: fog
 16126 | D:11     | Killed Urug the dream sheep
 16129 | D:11     | XOM: blink monster(s)
 16242 | D:11     | You fall into a shaft and drop 3 floors!
 16344 | D:14     | XOM: swap monsters
 16345 | D:14     | Noticed Snorg
 16345 | D:14     | XOM: scenery: 3 doors open, 1 doors close
 16357 | D:14     | Killed Snorg
 16358 | D:14     | Reached skill level 14 in Shields
 16367 | D:14     | XOM: noise
 16372 | D:14     | Noticed Kirke
 16403 | D:14     | Killed Kirke
 16559 | D:14     | XOM: god gift: morningstar {god gift}
 16852 | D:14     | XOM: cast spell 'Summon Small Mammal'
 16853 | D:14     | XOM: cast spell 'Dispersal'
 17024 | D:14     | XOM: enchant monster (good)
 17086 | D:13     | XOM: enchant monster (good)
 17136 | D:12     | XOM: confuse monster(s)
 17145 | D:12     | XOM: cleaving
 17154 | D:12     | Reached skill level 15 in Maces & Flails
 17160 | D:12     | XOM: fog
 17396 | D:11     | XOM: scenery: summon butterflies
 17439 | D:11     | XOM: 10-stop teleportation journey
 17461 | D:11     | Reached skill level 15 in Shields
 17462 | D:11     | XOM: potion effect (experience)
 17462 | D:11     | Reached skill level 5 in Dodging
 17462 | D:11     | Reached XP level 14. HP: 127/127 MP: 13/13
 17478 | D:11     | XOM: blink monster(s)
 17546 | D:11     | XOM: 2-stop teleportation journey
 17659 | D:11     | XOM: draining
 18218 | D:12     | XOM: enchant monster (good)
 18261 | D:12     | XOM: cloud trail
 18273 | D:12     | Found a radiant altar of Vehumet.
 18275 | D:12     | XOM: noise
 18706 | D:12     | XOM: silly message
 18727 | D:12     | XOM: god gift: 21 gold pieces
 18829 | D:13     | XOM: silly message
 18946 | D:13     | XOM: cleaving
 19040 | D:13     | XOM: cast spell 'Cause Fear'
 19046 | D:13     | XOM: divination: detect items
 19065 | D:13     | XOM: divination: detect creatures
 19129 | D:13     | Reached XP level 15. HP: 127/136 MP: 14/14
 19157 | D:13     | XOM: divination: detect creatures
 19196 | D:13     | XOM: divination: detect items
 19213 | D:13     | Found a gate to the Vaults.
 19397 | D:13     | XOM: silly message
 19813 | Swamp:1  | Entered Level 1 of the Swamp
 19826 | Swamp:1  | Upgraded the game from 0.27-a0-686-gaed091b46b to
                  | 0.27-a0-732-ga892ba84f6
 19835 | Swamp:1  | XOM: confuse monster(s)
 19847 | Swamp:1  | XOM: confuse monster(s)
 19849 | Swamp:1  | Reached skill level 16 in Shields
 19941 | Swamp:1  | XOM: 3-stop teleportation journey
 19966 | Swamp:1  | XOM: cloud trail
 20013 | Swamp:1  | XOM: 1-stop teleportation journey
 20044 | Swamp:1  | XOM: god gift: lightning rod (4/4)
 20218 | Swamp:1  | XOM: 1-stop teleportation journey
 20264 | Swamp:1  | XOM: 1-stop teleportation journey
 20408 | Swamp:1  | Identified the +3 short sword "Izoim Doedu" {vorpal, Dex+2}
 20433 | Swamp:1  | Killed a ghost moth
 20815 | Swamp:1  | XOM: confuse monster(s)
 20816 | Swamp:1  | XOM: butterfly on damage
 20928 | Swamp:1  | XOM: summons 3 hostile shadow creatures
 21451 | Swamp:1  | XOM: draining
 21551 | Swamp:2  | XOM: enchant monster (good)
 21688 | Swamp:2  | Killed from afar by a will-o-the-wisp

Illustrated notes

Levels and vault maps discovered:
D:1:      amcnicky_arrival_gap_in_the_tavern_cellar, layout_basic
D:2:      layout_basic, zin_scriptorium, lightli_temple_of_fire,
          nicolae_ru_sacrificial_ziggurat, serial_shops,
          nicolae_shop_competitors_out_of_business, elyvilon_altar_3
D:3:      layout_loops_cross, riverfiend_overflow_shadow_ancestor,
          cheibrodos_sewer_entry_sluice
D:4:      layout_cave_pools
D:5:      layout_loops_corners, chequers_temple_overflow_minitemple,
          minmay_temple_entry_statues_fountains
D:6:      layout_rooms, old_standard_altar, overflow_temple_1_default,
          grunt_gozag_breadcrumbs, uniq_maggie
D:7:      layout_basic, chequers_ossuary_entry_cave, nemelex_lonely_heart_becter
D:8:      layout_basic, nemelex_altar_shiori, serial_shops, shop,
          okawaru_altar_gauntlet_db
D:9:      layout_basic, grunt_temple_overflow_lords_of_destruction,
          slow_altar_2, zombieorc2_lemuel, gammafunk_ghost_arena, serial_shops,
          kennysheep_little_box
D:10:     layout_roguey, david_lair_shrubbed, ebering_ghost_gozag, hex_medium
D:11:     layout_big_octagon, due_unseen_surprise, uniq_nergalle, uniq_harold,
          uniq_urug
D:12:     layout_long_grid, basic_altar, minmay_misc_feat_encased
D:13:     layout_stronghold, david_vaults_4, minmay_misc_feat_diagonals
D:14:     layout_irregular_city, serial_bayou_pond_c, minivault_16,
          water_maze_lemuel, uniq_kirke, uniq_snorg
Temple:   corrupted_temple
Lair:1:   layout_small_grid, minmay_lair_oklob_items, infiniplex_staircase_pool,
          grunt_megastairs_4
Lair:2:   layout_regular_city, grunt_megastairs_5
Lair:3:   layout_roguey, nicolae_swamp_entry_splash_gauntlet,
          spider_nest_entry_web_field, portal_ice_cave_entry_pillars_1,
          grunt_forest_stairs_clearing, infiniplex_staircase_pool_2
Lair:4:   layout_gridlike, dpeg_oklob_1
Swamp:1:  layout_basic_swamp, nicolae_swamp_oxbows
Swamp:2:  layout_basic_swamp, evilmike_swamp_ruin_rubble_1

Skill      XL: |  1  2  3  4  5  6  7  8  9 10 11 12 13 14 15 |
---------------+----------------------------------------------+-----
Shields        | 4 5 6 8 10 11 13 15 16 | 16.8
Fighting       | 4 5 6 7 9 10 11 12 13 14 | 14.0
Armour         | 4 5 6 7 8 10 11 12 13 | 13.5
Maces & Flails | 3 4 5 6 7 9 11 12 13 14 15 | 15.9
Dodging        | 1 2 3 5 |  5.9
Stealth        | 2 3 4 |  4.1

Action                   |  1- 3 |  4- 6 |  7- 9 | 10-12 | 13-15 || total
-------------------------+-------+-------+-------+-------+-------++-------
Melee: Flail             |     6 |       |       |       |       ||     6
       Whip              |    65 |    52 |       |       |       ||   117
       Headbutt          |     7 |    20 |    84 |   229 |   228 ||   568
       Demon whip        |       |   111 |   441 |   639 |   564 ||  1755
Evoke: Wand              |       |       |       |     1 |       ||     1
  Use: Scroll            |       |     9 |     6 |    10 |     6 ||    31
       Potion            |       |     2 |    11 |    12 |     4 ||    29
 Stab: Invisible         |       |       |       |    10 |       ||    10
       Confused          |       |       |       |     9 |    11 ||    20
       Paralysed         |       |       |       |     4 |     1 ||     5
       Distracted        |       |       |       |       |     2 ||     2
       Sleeping          |       |       |       |       |     2 ||     2
       Petrifying        |       |       |       |       |     1 ||     1
Armor: Scale mail        |    25 |    83 |    36 |       |       ||   144
       Chain mail        |       |       |   104 |   164 |       ||   268
       Skin              |       |       |    55 |       |       ||    55
       Ice dragon scales |       |       |       |    13 |   185 ||   198
Dodge: Dodged            |    15 |    42 |   117 |   162 |   196 ||   532
Block: Kite shield       |    30 |    81 |   296 |   396 |   477 ||  1280

Table legend: (Time is in decaauts)
 A = Elapsed time spent in this place.
 B = Non-inter-level travel time spent in this place.
 C = Inter-level travel time spent in this place.
 D = Time resting spent in this place.
 E = Time spent auto-exploring this place.
 F = Levels seen in this place.
 G = Mean time per level.
                   A        B        C        D        E       F      G
               +--------+--------+--------+--------+--------+-----+--------+
         Total |  21343 |  21080 |    263 |   2511 |  13327 |  24 |  889.3 |
       Dungeon |  14233 |  14060 |    173 |   1308 |   9599 |  14 | 1016.6 |
        Temple |     50 |     50 |      0 |      0 |     21 |   1 |   50.0 |
          Lair |   4151 |   4151 |      0 |    433 |   2737 |   4 | 1037.8 |
         Swamp |   1907 |   1817 |     90 |    770 |    358 |   2 |  953.5 |
         Sewer |    625 |    625 |      0 |      0 |    443 |   1 |  625.0 |
       Ossuary |    232 |    232 |      0 |      0 |    143 |   1 |  232.0 |
      Ice Cave |    144 |    144 |      0 |      0 |     25 |   1 |  144.0 |
               +--------+--------+--------+--------+--------+-----+--------+

Top non-repeatable levels by time:
  Lair:3: 1692 daAuts
 Swamp:1: 1688 daAuts
     D:9: 1377 daAuts
     D:7: 1346 daAuts
  Lair:1: 1313 daAuts
    D:10: 1274 daAuts
     D:8: 1186 daAuts
     D:3: 1138 daAuts
  Lair:2: 1125 daAuts
     D:5: 1073 daAuts
     D:2: 1013 daAuts
     D:1: 949 daAuts
    D:12: 915 daAuts
     D:6: 868 daAuts
    D:13: 849 daAuts
